 Dungeon Crawl Stone Soup version 0.30.1-4-g462c640d31 (webtiles) character file.

Game seed: 14427743549663525403

2088 Kurtz the Cleaver (level 9, -1/55 HPs)
             Began as a Tengu Fighter on Sept 18, 2023.
             Was a Follower of the Shining One.
             Slain by a kobold brigand
             ... wielding a +0 short sword
              (4 damage)
             ... on level 6 of the Dungeon.
             The game lasted 00:06:02 (4811 turns).

Kurtz the Cleaver (Tengu Fighter)                   Turns: 4811, Time: 00:06:03

Health: -1/55      AC: 11    Str: 21    XL:     9   Next: 27%
Magic:  10/10      EV: 10    Int:  8    God:    the Shining One [*.....]
Gold:   222        SH:  5    Dex: 14    Spells: 8/8 levels left

rFire   . . .        y - +3 flail (holy)
rCold   + . .        c - +0 buckler
rNeg    . . .        k - +0 chain mail
rPois   .            (helmet restricted)
rElec   .            u - +0 cloak
rCorr   .            (no gloves)
SInv    +            (boots unavailable)
Will    .....        (no amulet) Stlth
                     j - ring of protection from cold
HPRegen 0.29/turn    B - ring of see invisible
MPRegen 0.12/turn

%: no passive effects
@: lethally poisoned (-1 -> -4), flying quickly and evasively, glowing, quick
A: beak, talons 3, nimble flight
a: Renounce Religion, Divine Shield


You were on level 6 of the Dungeon.
You worshipped the Shining One.
The Shining One was aware of your devotion.
You visited 1 branch of the dungeon, and saw 6 of its levels.
You also visited: Sewer.

You collected 222 gold pieces.

Inventory:

Hand Weapons
 a - a +0 war axe of protection
 y - a +3 flail of holy wrath (weapon)
Missiles
 n - 3 curare-tipped darts (quivered)
Armour
 b - a +0 scale mail
 c - a +0 buckler (worn)
 k - a +0 chain mail (worn)
 u - a +0 cloak (worn)
Jewellery
 j - a ring of protection from cold (left hand)
 s - a ring of resist corrosion
 B - a ring of see invisible (right hand)
Wands
 m - a wand of flame (23)
Scrolls
 d - a scroll of amnesia
 e - a scroll of immolation {unknown}
 g - 2 scrolls of fog
 h - a scroll of noise
 i - 4 scrolls of teleportation
 o - 2 scrolls of blinking
 p - 2 scrolls of vulnerability
 x - 2 scrolls of enchant armour {unknown}
 A - a scroll of torment {unknown}
Potions
 f - a potion of magic
 l - 3 potions of curing
 q - 2 potions of heal wounds {unknown}
 r - a potion of resistance
 t - a potion of flight
 v - a potion of attraction {unknown}
 w - a potion of mutation {unknown}
 z - 2 potions of degeneration {unknown}


   Skills:
 * Level 5.7 Fighting
 * Level 11.0 Axes
 + Level 5.6 Armour
 + Level 1.8 Dodging
 - Level 3.0 Shields


You had 8 spell levels left.
You didn't know any spells.
Your spell library contained the following spells:

 Spells                   Type           Power      Damage    Failure   Level
 Scorch                   Fire           0%         2d5       99%         2
 Volatile Blastmotes      Fire/Tloc      0%         2d10      100%        3
 Flame Wave               Conj/Fire      0%         2d4       100%        4
 Fulminant Prism          Conj/Hex       0%         3d5       100%        4
 Iskenderun's Mystic Bla  Conj/Tloc      0%         2d3       100%        4
 Lee's Rapid Deconstruct  Erth           0%         3d4*      100%        5
 Summon Cactus Giant      Summ           0%         N/A       100%        6


Dungeon Overview and Level Annotations

Branches:
Dungeon (6/15)              Sewer (visited)
 Temple: D:4-7

Altars:
The Shining One

Annotations:
D:5 2 transporters


Innate Abilities, Weirdness & Mutations

You have a beak for a mouth.
You have claws for feet.
Your magical nature lets you fly swiftly and evasively.


Message History

You thump the kobold brigand!
You claw the kobold brigand, but do no damage.
The kobold brigand is heavily wounded.
The kobold brigand hits you with a +0 short sword!
* * * LOW HITPOINT WARNING * * *
You are too injured to fight recklessly!
You sock the kobold brigand!
You peck the kobold brigand, but do no damage.
The kobold brigand is almost dead.
You block the kobold brigand's attack.
You are too injured to fight recklessly!
You barely miss the kobold brigand. You claw the kobold brigand.
You kill the kobold brigand!
The kobold brigand throws a poisoned dart.
The poisoned dart hits you!
You are poisoned.
Your Axes skill increases to level 11!
You are too injured to fight recklessly!
You feel very sick.
The kobold brigand hits you with a +0 short sword.
* * * LOW HITPOINT WARNING * * *
Items here: (( ))))) †.
You are too injured to fight recklessly!
You are too injured to fight recklessly!
You hit the kobold brigand. Your kick misses the kobold brigand.
You peck the kobold brigand.
The kobold brigand is moderately wounded.
You feel sick. The kobold brigand barely misses you.
You hit the kobold brigand.
The kobold brigand is moderately wounded.
You feel sick. The kobold brigand closely misses you.
The kobold brigand hits you with a +0 short sword.
* * * LOW HITPOINT WARNING * * *
You sock the kobold brigand! Your kick misses the kobold brigand.
You peck the kobold brigand.
The kobold brigand is almost dead.
* * * LOW HITPOINT WARNING * * *
You feel sick.
The kobold brigand hits you with a +0 short sword.
You die...

#.....### #.#####.# #.#
#..#.#########.# ###.#
#.# #..#...........#
#...# #.#
#......#####...# #'#.#
#.# #.##...###
#...###÷#.# #.#
#.....##.÷÷##....#.#.#
#.#
#....##....÷######.###
#.# ##...#
...÷..####...#########.#
###.#
(....KK@........'......#
#.#
..)..÷####...###########
### ....÷### ##.## #.
#... #.# #÷# #.
######.####÷# #.
#.......##'# #.
#.###.#####....# #.
#.........###### #.
#####.###.# #.


You could see 2 kobold brigands.

Vanquished Creatures
  3 yaks (D:6)
  Edmund (D:6)
  A black bear (D:6)
  A phantom (D:6)
  6 kobold brigands (D:6)
  A bullfrog (D:4)
  4 scorpions
  4 killer bees
  A jelly (D:6)
  2 hounds (D:3)
  2 orc priests
  2 iguanas
  A sleepcap (D:5)
  5 orc wizards
  9 adders
  2 shadow imps (D:6)
  2 white imps
  2 worms
  A dart slug (D:2)
  12 orcs
  6 ball pythons
  3 bats
  5 endoplasms
  10 giant cockroaches
  7 goblins
  6 hobgoblins
  4 quokkas
  3 frilled lizards
  13 kobolds
  6 rats
125 creatures vanquished.

Notes
Turn   | Place    | Note
-------+----------+-------------------------------------------
     0 | D:1      | Kurtz the Tengu Fighter began the quest for the Orb.
     0 | D:1      | Reached XP level 1. HP: 14/14 MP: 2/2
   192 | D:1      | Reached skill level 3 in Axes
   192 | D:1      | Reached XP level 2. HP: 19/19 MP: 3/3
   682 | D:2      | Reached XP level 3. HP: 11/23 MP: 4/4
   878 | D:2      | Reached skill level 4 in Axes
  1004 | D:2      | Reached XP level 4. HP: 22/28 MP: 5/5
  1367 | D:3      | Reached skill level 5 in Axes
  1967 | D:3      | Gained mutation: Your magical nature lets you fly swiftly
                  | and evasively. [Tengu growth]
  1967 | D:3      | Reached XP level 5. HP: 28/32 MP: 6/6
  2109 | D:3      | Reached skill level 6 in Axes
  2161 | D:4      | Reached XP level 6. HP: 29/37 MP: 7/7
  2238 | D:4      | Found a glowing golden altar of the Shining One.
  2243 | D:4      | Became a worshipper of the Shining One
  2342 | D:4      | Reached skill level 7 in Axes
  2430 | D:4      | Found a glowing drain.
  2455 | Sewer    | Entered a sewer
  3153 | D:5      | Entered Level 5 of the Dungeon
  3165 | D:4      | Reached XP level 7. HP: 8/41 MP: 8/8
  3401 | D:5      | Reached skill level 8 in Axes
  3553 | D:5      | Found a transporter.
  3857 | D:5      | Reached skill level 1 in Dodging
  3857 | D:5      | Reached XP level 8. HP: 48/48 MP: 9/9
  3885 | D:5      | Found a transporter.
  3978 | D:6      | Reached * piety under the Shining One
  4032 | D:6      | Noticed a yak
  4032 | D:6      | Noticed a yak
  4032 | D:6      | Noticed a yak
  4034 | D:6      | Noticed Edmund
  4040 | D:6      | Killed a yak
  4041 | D:6      | Reached skill level 9 in Axes
  4051 | D:6      | Killed a yak
  4208 | D:6      | Killed a yak
  4209 | D:6      | Reached skill level 5 in Armour
  4216 | D:6      | Killed Edmund
  4217 | D:6      | Reached skill level 10 in Axes
  4389 | D:6      | Reached skill level 5 in Fighting
  4661 | D:6      | Reached XP level 9. HP: 54/54 MP: 10/10
  4784 | D:6      | Found the +7 Throatcutter {drain, coup de grace}
  4808 | D:6      | Reached skill level 11 in Axes
  4811 | D:6      | Slain by a kobold brigand

Illustrated notes

Levels and vault maps discovered:
D:1:      giann_bridges, layout_loops_ring
D:2:      layout_rooms, kennysheep_cross_room
D:3:      layout_basic, cheibrodos_gnoll_hut
D:4:      layout_cave_pools, general_overflow_altar, gup_sewer_entry_pipe
D:5:      gammafunk_cloud_chamber, layout_basic
D:6:      layout_loops_ring, dilly_guarded_unrand_throatcut, uniq_edmund

Skill      XL: |  1  2  3  4  5  6  7  8  9 |
---------------+----------------------------+-----
Axes           | 3 4 5 6 7 8 10 11 | 11.0
Armour         | 4 5 |  5.6
Fighting       | 4 5 |  5.7
Dodging        | 1 |  1.8
Shields        | |  3.0

Action                     |  1- 3 |  4- 6 |  7- 9 || total
---------------------------+-------+-------+-------++-------
  Melee: War axe           |    64 |   150 |    84 ||   298
         Kick              |     6 |    26 |    44 ||    76
         Peck              |     8 |    22 |    22 ||    52
         Flail             |       |       |    44 ||    44
    Use: Scroll            |       |     9 |     1 ||    10
         Potion            |       |     3 |       ||     3
 Armour: Scale mail        |     6 |       |       ||     6
         Chain mail        |    20 |    88 |    57 ||   165
  Dodge: Dodged            |    23 |    58 |    38 ||   119
  Block: Buckler           |    12 |    27 |    22 ||    61
